 Dungeon Crawl Stone Soup version 0.27.1-3-gb3d3a73c9e (webtiles) character file.

Game seed: 1623592175198180761

2 Figureslego113 the Ducker (level 1, 0/11 HPs)
             Began as a Felid Wanderer on Oct 18, 2021.
             Slain by a kobold (4 damage)
             ... on level 1 of the Dungeon.
             The game lasted 00:00:48 (149 turns).

Figureslego113 the Ducker (Felid Wanderer)           Turns: 149, Time: 00:00:48

Health: 0/11       AC:  1    Str:  9    XL:     1   Next: 33%
Magic:  2/2        EV: 18    Int: 10    God:
Gold:   18         SH:  0    Dex: 17    Spells: 0/0 levels left
                                        Lives:  0   Deaths: 0

rFire    . . .     SeeInvis +   (weapon unavailable)
rCold    . . .     Faith    .   (shield unavailable)
rNeg     . . .     Spirit   .   (armour unavailable)
rPois    .         Reflect  .   (helmet unavailable)
rElec    .         Harm     .   (cloak unavailable)
rCorr    .         Rampage  .   (gloves unavailable)
Will     .....                  (boots unavailable)
Stlth    ++........             (no amulet)
HPRegen  0.03/turn              (no ring)
MPRegen  0.08/turn              (no ring)

@: quick
A: very small, claws 1, fangs 3, see invisible, speed 1, shaggy fur 1, stealthy
paws, no weapons or thrown items, no armour, multi-lived
a: no special abilities


You were on level 1 of the Dungeon.
You visited 1 branch of the dungeon, and saw 1 of its levels.

You collected 18 gold pieces.

Inventory:

Scrolls
 b - a scroll of teleportation
 d - a scroll of identify {unknown}
 e - a scroll of magic mapping {unknown}
Potions
 a - a potion of lignification
 c - a potion of mutation {unknown}


   Skills:
 + Level 4.0 Fighting
 + Level 4.1 Dodging
 * Level 2.7 Stealth
 - Level 1.1 Evocations


You couldn't memorise any spells.
You didn't know any spells.
Your spell library was empty.

Dungeon Overview and Level Annotations

Branches:
Dungeon (1/15)

Altars:


Innate Abilities, Weirdness & Mutations

You have sharp claws.
You have razor-sharp teeth.
You have supernaturally acute eyesight. (SInv)
You cover ground quickly. (Speed+)
You are covered in fur. (AC +1)
Your paws help you pounce on unaware monsters.
You are incapable of wielding weapons or throwing items.
You cannot wear armour.
You gain extra lives every three experience levels.


Message History

The kobold shouts!
The kobold completely misses you.
You barely miss the kobold. The kobold misses you.
An endoplasm comes into view.
You scratch the kobold but do no damage.
Your bite misses the kobold. The kobold hits you with a +0 whip.
You closely miss the kobold. The kobold completely misses you.
You scratch the kobold but do no damage.
The kobold closely misses you.
You scratch the kobold but do no damage.
The kobold hits you with a +0 whip.
You are too injured to fight recklessly!
You are too injured to fight recklessly!
You are too injured to fight recklessly!
You are too injured to fight recklessly!
You are too injured to fight recklessly!
You are too injured to fight recklessly!
You are too injured to fight recklessly!
You are too injured to fight recklessly!
You are too injured to fight recklessly!
You are too injured to fight recklessly!
You are too injured to fight recklessly!
You are too injured to fight recklessly!
You are too injured to fight recklessly!
You are too injured to fight recklessly!
You are too injured to fight recklessly!
You are too injured to fight recklessly!
You are too injured to fight recklessly!
You are too injured to fight recklessly!
You are too injured to fight recklessly!
You are too injured to fight recklessly!
You are too injured to fight recklessly!
You are too injured to fight recklessly!
You are too injured to fight recklessly!
You are too injured to fight recklessly!
Unknown command.
You scratch the kobold. Your bite misses the kobold.
The kobold is heavily wounded.
The kobold hits you with a +0 whip.
You die...

###.#....
#.......#
#.......#
#.......#
#..J....#
#.......#
#..K....#
#..@....#
###....##
#######.##.#
#≈≈≈..≈.# #
#.#≈##..##).
#≈≈8≈#≈≈.≈..##
##≈#≈≈##≈#.≈...
#.≈#≈≈≈≈.≈#≈#.##
#...≈.≈..≈#.#..##


You could see an endoplasm and a kobold.

Vanquished Creatures
  A bat (D:1)
  A rat (D:1)
  A spectral goblin (D:1)
3 creatures vanquished.

Notes
Turn   | Place    | Note
-------+----------+-------------------------------------------
     0 | D:1      | Figureslego113 the Felid Wanderer began the quest for the
                  | Orb.
     0 | D:1      | Figureslego113 set off with the following items: a potion
                  | of lignification, a scroll of teleportation
     0 | D:1      | Reached XP level 1. HP: 11/11 MP: 2/2
     3 | D:1      | Noticed an electric eel
     4 | D:1      | Noticed an electric eel
    79 | D:1      | Found a faded altar of an unknown god.
   149 | D:1      | Slain by a kobold

Illustrated notes

Levels and vault maps discovered:
D:1:      arrival_aquarium_b, layout_basic,
          dreamdust_ecumenical_altar_drowned_temple, minmay_octomino_j4

Action                   || total
-------------------------++-------
Melee: Unarmed           ||    25
       Bite              ||     1
 Stab: Sleeping          ||     1
Armor: Skin              ||     6
Dodge: Dodged            ||    19
